 Dungeon Crawl Stone Soup version 0.31-a0-543-geaa9c7a2c0 (webtiles) character file.

Game seed: 14497850703642023258

219 AdnanSaban the Trooper (level 5, -2/34 HPs)
             Began as a Gargoyle Fighter on Aug 15, 2023.
             Slain by a black bear (4 damage)
             ... on level 4 of the Dungeon.
             The game lasted 00:02:47 (3190 turns).

AdnanSaban the Trooper (Gargoyle Fighter)           Turns: 3190, Time: 00:02:47

Health: -2/34      AC: 12    Str: 21    XL:     5   Next: 96%
Magic:  5/5        EV:  9    Int:  9    God:
Gold:   115        SH:  9    Dex:  9    Spells: 4/4 levels left

rFire   . . .        a - +0 flail
rCold   . . .        c - +0 buckler
rNeg    + . .        b - +0 scale mail
rPois   ∞            (no helmet)
rElec   +            p - +0 cloak
rCorr   .            (no gloves)
SInv    .            (no boots)
Will    .....        k - amulet of reflection Stlth
                     (no ring)
HPRegen 0.25/turn    (no ring)
MPRegen 0.09/turn

%: reflection
@: no status effects
A: sickness immunity, AC +4, negative energy resistance 1, electricity
resistance, torment resistance 1, petrification resistance
a: no special abilities


You were on level 4 of the Dungeon.
You visited 1 branch of the dungeon, and saw 4 of its levels.

You collected 115 gold pieces.

Inventory:

Hand Weapons
 a - a +0 flail (weapon)
Armour
 b - a +0 scale mail (worn)
 c - a +0 buckler (worn)
 p - a +0 cloak (worn)
Jewellery
 k - an amulet of reflection (around neck)
Scrolls
 e - 5 scrolls of identify {unknown}
 g - a scroll of teleportation {unknown}
 i - 2 scrolls of revelation {unknown}
Potions
 d - a potion of might
 f - a potion of lignification {unknown}
 j - a potion of enlightenment {unknown}
 l - a potion of haste {unknown}
 m - a potion of curing {unknown}
 n - a potion of resistance {unknown}
 o - a potion of brilliance {unknown}


   Skills:
 + Level 4.3 Fighting
 + Level 4.2 Maces & Flails
 + Level 4.0 Armour
 + Level 0.5 Dodging
 + Level 4.0 Shields


You had 4 spell levels left.
You didn't know any spells.
Your spell library contained the following spells:

 Spells                   Type           Power      Damage    Failure   Level
 Blink                    Tloc           0%         N/A       89%         2
 Manifold Assault         Tloc           0%         N/A       100%        4


Dungeon Overview and Level Annotations

Branches:
Dungeon (4/15)
 Temple: D:4-7

Altars:


Innate Abilities, Weirdness & Mutations

You are immune to sickness and miasma.
Your stone body is resilient. (AC +4)
You are immune to poison.
You resist negative energy. (rN+)
You are resistant to electric shocks. (rElec)
You are resistant to unholy torment.
You are immune to petrification.


Message History

The black bear goes berserk!
You hit the black bear but do no damage.
The black bear is severely wounded.
You block the black bear's attack.
The black bear claws you but does no damage. x2
The black bear closely misses you. The black bear barely misses you.
You block the black bear's attack.
You closely miss the black bear.
The black bear is severely wounded.
The black bear bites you. You block the black bear's attack.
The black bear claws you but does no damage.
The black bear bites you.
The black bear claws you but does no damage. x2
You barely miss the black bear.
The black bear is severely wounded.
The black bear bites you. You block the black bear's attack.
The black bear barely misses you. You block the black bear's attack.
The black bear claws you. The black bear closely misses you.
You are too injured to fight recklessly!
You are too injured to fight recklessly!
You are too injured to fight recklessly!
You are too injured to fight recklessly!
You are too injured to fight recklessly!
You are too injured to fight recklessly!
You are too injured to fight recklessly!
You are too injured to fight recklessly!
You are too injured to fight recklessly!
Unknown command.
You closely miss the black bear.
The black bear is severely wounded.
The black bear bites you.
The black bear claws you but does no damage.
You block the black bear's attack. The black bear bites you!
* * * LOW HITPOINT WARNING * * *
The black bear closely misses you.
The black bear claws you but does no damage.
You hit the black bear but do no damage.
The black bear is severely wounded.
You block the black bear's attack. The black bear claws you.
You die...

#.# ... #.#
#.# #.# #.#
#####.###.###
#....@h...(.(
#.###.....###
#.######.##
#...<....#
##########


You could see a black bear (berserk).

Vanquished Creatures
  A killer bee (D:3)
  An orc priest (D:3)
  An orc wizard (D:2)
  6 adders
  A dart slug (D:3)
  7 orcs
  5 endoplasms
  2 giant cockroaches
  4 hobgoblins
  3 quokkas
  3 ball pythons
  6 bats
  7 frilled lizards
  4 goblins
  6 kobolds
  5 rats
62 creatures vanquished.

Notes
Turn   | Place    | Note
-------+----------+-------------------------------------------
     0 | D:1      | AdnanSaban the Gargoyle Fighter began the quest for the
                  | Orb.
     0 | D:1      | Reached XP level 1. HP: 14/14 MP: 1/1
   377 | D:1      | Reached XP level 2. HP: 10/19 MP: 2/2
  1284 | D:2      | Reached XP level 3. HP: 19/23 MP: 3/3
  1484 | D:2      | Found a faded altar of an unknown god.
  1553 | D:2      | Reached XP level 4. HP: 24/29 MP: 4/4
  2345 | D:3      | Reached XP level 5. HP: 29/33 MP: 5/5
  3170 | D:4      | Noticed a black bear
  3190 | D:4      | Slain by a black bear

Illustrated notes

Levels and vault maps discovered:
D:1:      wander_arrival_desolate, layout_basic
D:2:      layout_basic, nicolae_ecumenical_oubliette, minmay_domino_2
D:3:      layout_basic, kennysheep_nondescript, chequers_serial_rivers_micro_a
D:4:      layout_loops_corners, minmay_temple_entry_overgrown, serial_shops,
          nicolae_shop_temple_entry_statues_fountains, columned_hall_lemuel,
          minmay_goblin_kobold_house

Skill      XL: |  1  2  3  4  5 |
---------------+----------------+-----
Fighting       | 4 |  4.3
Maces & Flails | 3 4 |  4.2
Armour         | 4 |  4.0
Shields        | 4 |  4.0
Dodging        | |  0.5

Action                     |  1- 3 |  4- 6 || total
---------------------------+-------+-------++-------
  Melee: Flail             |   100 |    94 ||   194
  Throw: Dart              |       |     3 ||     3
 Armour: Scale mail        |    51 |    61 ||   112
  Dodge: Dodged            |    58 |    33 ||    91
  Block: Buckler           |    22 |    53 ||    75
         Reflection        |       |     1 ||     1

Table legend: (Time is in decaauts)
 A = Elapsed time spent in this place.
 B = Non-inter-level travel time spent in this place.
 C = Inter-level travel time spent in this place.
 D = Time resting spent in this place.
 E = Time spent auto-exploring this place.
 F = Levels seen in this place.
 G = Mean time per level.
                   A        B        C        D        E       F      G
               +--------+--------+--------+--------+--------+-----+--------+
         Total |   3249 |   3056 |    193 |     43 |   2494 |   4 |  812.2 |
       Dungeon |   3249 |   3056 |    193 |     43 |   2494 |   4 |  812.2 |
               +--------+--------+--------+--------+--------+-----+--------+

Top non-repeatable levels by time:
     D:1: 1244 daAuts
     D:3: 1078 daAuts
     D:2: 885 daAuts
     D:4: 40 daAuts
